[ AOE2 MATCH · #487404624 ]
UnrankedSlavs vs Cumans
Player's team · LOSS
[ REPLAY ANALYSIS · EXTRACTED FROM THE RECORDED GAME ]
Feudal
10:32
Castle
14:27
Imperial
29:57
| APM avg | 54.4 |
| APM peak | 125 |
| eAPM avg | 35.8 |
| Villagers / military | 195 / 267 |
Focus
⚔️ 47.3% · 🌾 52.7%
Spearman ×177 · Boyar ×37 · Battering Ram ×30 · Unknown (882) ×27 · Monk ×13 · Militia ×5
Feudal
8:26
Castle
19:56
Imperial
37:49
| APM avg | 31.3 |
| APM peak | 69 |
| eAPM avg | 22.6 |
| Villagers / military | 136 / 295 |
Focus
⚔️ 52.4% · 🌾 47.6%
Spearman ×164 · Militia ×107 · Battering Ram ×24
Feudal
10:48
Castle
14:24
Imperial
32:08
| APM avg | 44.3 |
| APM peak | 77 |
| eAPM avg | 22.3 |
| Villagers / military | 137 / 145 |
Focus
⚔️ 40.0% · 🌾 60.0%
Camel Scout ×86 · Gbeto ×28 · Scout Cavalry ×18 · Spearman ×8 · Unknown (882) ×5 · Trebuchet (Packed) ×3
Feudal
10:56
Castle
14:26
Imperial
33:55
| APM avg | 38.1 |
| APM peak | 102 |
| eAPM avg | 19.0 |
| Villagers / military | 96 / 15 |
Focus
⚔️ 34.2% · 🌾 65.8%
Unknown (2586) ×19 · Unknown (2550) ×18 · Battering Ram ×6 · Monk ×4 · Petard ×3 · Spearman ×2
Feudal
10:06
Castle
13:36
Imperial
29:08
| APM avg | 44.9 |
| APM peak | 67 |
| eAPM avg | 26.5 |
| Villagers / military | 117 / 9 |
Focus
⚔️ 21.0% · 🌾 79.0%
Unknown (882) ×227 · Trebuchet (Packed) ×5 · Mangonel ×4
Feudal
10:49
Castle
15:30
Imperial
32:55
| APM avg | 31.0 |
| APM peak | 59 |
| eAPM avg | 15.2 |
| Villagers / military | 92 / 164 |
Focus
⚔️ 30.0% · 🌾 70.0%
Obuch ×143 · Knight ×7 · Scorpion ×7 · Battering Ram ×6 · Trebuchet (Packed) ×1
Feudal
10:25
Castle
13:45
Imperial
32:33
| APM avg | 41.9 |
| APM peak | 83 |
| eAPM avg | 23.0 |
| Villagers / military | 213 / 119 |
Focus
⚔️ 28.8% · 🌾 71.2%
War Elephant ×78 · Scout Cavalry ×15 · Knight ×13 · Monk ×7 · Trebuchet (Packed) ×5 · Trade Cart ×2
Feudal
10:56
Castle
14:53
Imperial
32:16
| APM avg | 50.4 |
| APM peak | 299 |
| eAPM avg | 33.9 |
| Villagers / military | 273 / 89 |
Focus
⚔️ 20.9% · 🌾 79.1%
Archer ×61 · Mangonel ×11 · Elephant Archer ×11 · Monk ×3 · Ratha (Ranged) ×3
Match map
Initial resources + every placement click. Lines = walls · curves = elevation contours. ◆ gold · ⬟ stone · ● berries · ✦ relic · ◌ wall gap
Your base· ✓ Closed at 14:27 · 0t walls · 2 gate(s)
hcenemod's base· ✓ Closed at 19:56 · 0t walls · 2 gate(s)
FMG | Sawasha Takohida's base· ✓ Closed at 14:24 · 0t walls · 3 gate(s)
FlyingSaucer_'s base· ✓ Closed at 14:26 · 0t walls · 3 gate(s)
FMG | ELCOCHINOTE's base· ✓ Closed at 13:36 · 0t walls · 2 gate(s)
VaultBoy's base· ✓ Closed at 15:30 · 0t walls · 2 gate(s)
MyNameIsLassen's base· ✓ Closed at 13:45 · 0t walls · 3 gate(s)
FMG | Santiago's base· ✓ Closed at 14:53 · 0t walls · 3 gate(s)
Smoothed initial terrain · ◌ = detected wall gap · hover for details
Inputs per minute
— FMG | GreatMaty - - hcenemod
Build order — FMG | GreatMaty
First 150 of 628 actions detected
| 0:02 | Create | Villager (Male) |
| 0:02 | Create | Villager (Male) |
| 0:02 | Create | Villager (Male) |
| 0:02 | Create | Villager (Male) |
| 0:02 | Create | Villager (Male) |
| 0:03 | Build | House |
| 0:04 | Build | House |
| 1:19 | Create | Villager (Male) |
| 1:19 | Create | Villager (Male) |
| 1:19 | Create | Villager (Male) |
| 1:58 | Create | Villager (Male) |
| 1:58 | Create | Villager (Male) |
| 1:59 | Build | Lumber Camp |
| 2:12 | Create | Villager (Male) |
| 2:39 | Create | Villager (Male) |
| 3:12 | Create | Villager (Male) |
| 3:24 | Build | House |
| 3:28 | Build | House |
| 3:32 | Create | Villager (Male) |
| 4:12 | Create | Villager (Male) |
| 4:12 | Create | Villager (Male) |
| 4:12 | Create | Villager (Male) |
| 4:33 | Build | House |
| 4:47 | Create | Villager (Male) |
| 5:05 | Build | Mill |
| 5:16 | Create | Villager (Male) |
| 5:17 | Create | Villager (Male) |
| 5:34 | Create | Villager (Male) |
| 5:47 | Create | Villager (Male) |
| 6:25 | Create | Villager (Male) |
| 6:50 | Build | Farm |
| 6:55 | Create | Villager (Male) |
| 7:11 | Build | Farm |
| 7:28 | Create | Villager (Male) |
| 7:37 | Build | Farm |
| 7:41 | Create | Villager (Male) |
| 8:16 | Build | Mining Camp |
| 8:21 | Research | Feudal Age |
| 8:21 | Research | Feudal Age |
| 9:26 | Create | Villager (Male) |
| 10:04 | Build | Barracks |
| 10:24 | Create | Villager (Male) |
| 10:32 | Age | Feudal Age |
| 10:48 | Build | Stable |
| 10:55 | Build | Market |
| 11:20 | Create | Villager (Male) |
| 11:46 | Research | Castle Age |
| 11:46 | Research | Castle Age |
| 11:46 | Research | Castle Age |
| 12:20 | Research | Double-Bit Axe |
| 12:20 | Research | Double-Bit Axe |
| 12:24 | Research | Horse Collar |
| 12:25 | Research | Horse Collar |
| 12:27 | Build | Farm |
| 12:35 | Build | Farm |
| 13:01 | Build | Farm |
| 13:06 | Create | Scout Cavalry |
| 13:06 | Create | Scout Cavalry |
| 13:10 | Build | House |
| 13:30 | Build | Farm |
| 13:36 | Create | Scout Cavalry |
| 13:36 | Create | Scout Cavalry |
| 13:39 | Build | Farm |
| 14:05 | Build | Farm |
| 14:10 | Create | Scout Cavalry |
| 14:27 | Age | Castle Age |
| 14:30 | Create | Villager (Male) |
| 14:39 | Build | Town Center |
| 14:54 | Create | Villager (Male) |
| 15:04 | Build | Farm |
| 15:04 | Build | Farm |
| 15:10 | Create | Villager (Male) |
| 15:42 | Build | Monastery |
| 15:43 | Create | Villager (Male) |
| 15:58 | Create | Villager (Male) |
| 16:10 | Build | House |
| 16:20 | Research | Bow Saw |
| 16:20 | Research | Bow Saw |
| 16:22 | Create | Villager (Male) |
| 16:25 | Create | Monk |
| 16:37 | Create | Villager (Male) |
| 16:37 | Create | Villager (Male) |
| 16:41 | Build | House |
| 16:56 | Create | Villager (Male) |
| 17:03 | Build | Farm |
| 17:05 | Create | Villager (Male) |
| 17:05 | Create | Villager (Male) |
| 17:05 | Create | Villager (Male) |
| 17:12 | Build | Farm |
| 17:24 | Create | Villager (Male) |
| 17:26 | Build | House |
| 17:27 | Build | House |
| 17:28 | Create | Monk |
| 17:43 | Create | Villager (Male) |
| 17:43 | Create | Villager (Male) |
| 17:51 | Build | Town Center |
| 17:54 | Create | Villager (Male) |
| 17:54 | Create | Villager (Male) |
| 18:09 | Create | Villager (Male) |
| 18:20 | Create | Villager (Male) |
| 18:31 | Create | Villager (Male) |
| 18:31 | Create | Villager (Male) |
| 18:42 | Build | Farm |
| 18:43 | Build | Farm |
| 18:43 | Build | Farm |
| 18:43 | Build | Farm |
| 18:43 | Build | Farm |
| 18:43 | Build | Farm |
| 18:43 | Build | Farm |
| 18:44 | Build | Farm |
| 18:55 | Create | Monk |
| 19:02 | Create | Villager (Male) |
| 19:18 | Create | Villager (Male) |
| 19:18 | Create | Villager (Male) |
| 19:26 | Create | Villager (Male) |
| 19:40 | Build | Town Center |
| 19:44 | Create | Villager (Male) |
| 19:45 | Create | Villager (Male) |
| 20:00 | Create | Monk |
| 20:00 | Create | Monk |
| 20:01 | Create | Villager (Male) |
| 20:01 | Create | Villager (Male) |
| 20:03 | Build | Farm |
| 20:05 | Build | Farm |
| 20:06 | Build | Farm |
| 20:17 | Create | Villager (Male) |
| 20:17 | Create | Villager (Male) |
| 20:18 | Create | Villager (Male) |
| 20:26 | Build | Farm |
| 20:28 | Build | Farm |
| 20:30 | Build | Farm |
| 20:30 | Create | Villager (Male) |
| 20:30 | Create | Villager (Male) |
| 20:33 | Build | Farm |
| 20:36 | Build | Farm |
| 20:37 | Build | Farm |
| 20:39 | Build | House |
| 20:40 | Build | House |
| 20:46 | Create | Villager (Male) |
| 20:46 | Create | Villager (Male) |
| 20:56 | Create | Villager (Male) |
| 20:56 | Create | Villager (Male) |
| 20:57 | Create | Villager (Male) |
| 21:05 | Create | Villager (Male) |
| 21:05 | Create | Villager (Male) |
| 21:13 | Create | Monk |
| 21:13 | Create | Monk |
| 21:14 | Create | Villager (Male) |
| 21:15 | Create | Villager (Male) |
| 21:18 | Build | Farm |
Build order — hcenemod
First 150 of 602 actions detected
| 0:01 | Create | Villager (Male) |
| 0:01 | Create | Villager (Male) |
| 0:01 | Create | Villager (Male) |
| 0:03 | Build | House |
| 0:04 | Build | House |
| 0:12 | Create | Villager (Male) |
| 1:35 | Create | Villager (Male) |
| 1:50 | Create | Villager (Male) |
| 1:50 | Create | Villager (Male) |
| 2:10 | Build | Lumber Camp |
| 2:14 | Create | Villager (Male) |
| 2:15 | Create | Villager (Male) |
| 2:15 | Create | Villager (Male) |
| 3:01 | Create | Villager (Male) |
| 3:01 | Create | Villager (Male) |
| 3:44 | Create | Villager (Male) |
| 3:46 | Create | Villager (Male) |
| 3:47 | Create | Villager (Male) |
| 3:52 | Build | House |
| 4:31 | Create | Villager (Male) |
| 4:32 | Create | Villager (Male) |
| 5:04 | Create | Villager (Male) |
| 5:06 | Create | Villager (Male) |
| 5:06 | Create | Villager (Male) |
| 5:07 | Create | Villager (Male) |
| 5:36 | Build | Mill |
| 6:16 | Research | Feudal Age |
| 6:28 | Build | House |
| 6:59 | Create | Villager (Male) |
| 7:00 | Create | Villager (Male) |
| 7:09 | Create | Villager (Male) |
| 7:19 | Create | Villager (Male) |
| 7:40 | Create | Villager (Male) |
| 7:55 | Create | Villager (Male) |
| 8:26 | Age | Feudal Age |
| 8:29 | Build | Town Center |
| 8:36 | Research | Double-Bit Axe |
| 9:45 | Create | Villager (Male) |
| 9:51 | Research | Horse Collar |
| 9:53 | Build | Farm |
| 9:54 | Build | Farm |
| 9:55 | Build | Farm |
| 10:02 | Build | Farm |
| 10:12 | Create | Villager (Male) |
| 10:54 | Create | Villager (Male) |
| 10:55 | Create | Villager (Male) |
| 10:55 | Create | Villager (Male) |
| 11:16 | Create | Villager (Male) |
| 11:16 | Create | Villager (Male) |
| 11:16 | Create | Villager (Male) |
| 11:24 | Build | House |
| 11:25 | Build | House |
| 11:27 | Build | House |
| 11:29 | Build | House |
| 11:31 | Create | Villager (Male) |
| 11:31 | Create | Villager (Male) |
| 11:43 | Build | Farm |
| 11:44 | Build | Farm |
| 11:53 | Create | Villager (Male) |
| 11:56 | Build | Farm |
| 11:57 | Build | Farm |
| 11:58 | Build | Farm |
| 12:06 | Create | Villager (Male) |
| 12:07 | Create | Villager (Male) |
| 12:15 | Build | Farm |
| 12:17 | Build | Farm |
| 12:25 | Create | Villager (Male) |
| 12:33 | Build | Farm |
| 12:40 | Create | Villager (Male) |
| 12:44 | Build | House |
| 13:03 | Create | Villager (Male) |
| 13:04 | Create | Villager (Male) |
| 13:11 | Create | Villager (Male) |
| 13:17 | Build | Mill |
| 13:19 | Build | Farm |
| 13:21 | Build | Farm |
| 13:23 | Build | Farm |
| 13:23 | Build | Farm |
| 13:25 | Create | Villager (Male) |
| 13:25 | Create | Villager (Male) |
| 13:31 | Build | Farm |
| 13:36 | Build | Farm |
| 13:49 | Build | Farm |
| 13:50 | Create | Villager (Male) |
| 13:51 | Create | Villager (Male) |
| 13:52 | Create | Villager (Male) |
| 14:23 | Create | Villager (Male) |
| 14:23 | Create | Villager (Male) |
| 14:24 | Create | Villager (Male) |
| 14:24 | Create | Villager (Male) |
| 14:27 | Build | Farm |
| 14:28 | Build | Farm |
| 14:29 | Build | Farm |
| 14:31 | Build | Farm |
| 14:41 | Create | Villager (Male) |
| 14:42 | Create | Villager (Male) |
| 14:42 | Create | Villager (Male) |
| 15:07 | Create | Villager (Male) |
| 15:08 | Create | Villager (Male) |
| 15:08 | Create | Villager (Male) |
| 15:14 | Build | Farm |
| 15:18 | Build | House |
| 15:19 | Build | Market |
| 15:30 | Build | House |
| 15:32 | Build | Blacksmith |
| 15:33 | Create | Villager (Male) |
| 15:34 | Create | Villager (Male) |
| 15:34 | Create | Villager (Male) |
| 15:41 | Build | Mining Camp |
| 16:29 | Create | Villager (Male) |
| 16:29 | Create | Villager (Male) |
| 16:42 | Build | Farm |
| 16:43 | Build | Farm |
| 16:52 | Build | House |
| 16:56 | Build | Barracks |
| 17:10 | Research | Castle Age |
| 17:17 | Build | Siege Workshop |
| 17:20 | Research | Gold Mining |
| 17:43 | Build | Barracks |
| 17:44 | Create | Villager (Male) |
| 17:45 | Create | Villager (Male) |
| 17:45 | Create | Villager (Male) |
| 17:47 | Create | Villager (Male) |
| 17:56 | Create | Spearman |
| 17:57 | Create | Spearman |
| 18:14 | Create | Villager (Male) |
| 18:15 | Create | Spearman |
| 18:21 | Create | Spearman |
| 18:23 | Create | Battering Ram |
| 18:24 | Build | House |
| 18:25 | Build | House |
| 18:32 | Build | Barracks |
| 18:35 | Create | Spearman |
| 18:41 | Create | Spearman |
| 18:46 | Create | Spearman |
| 18:46 | Create | Spearman |
| 18:51 | Build | House |
| 18:52 | Build | House |
| 19:00 | Create | Villager (Male) |
| 19:00 | Create | Villager (Male) |
| 19:01 | Create | Battering Ram |
| 19:16 | Create | Spearman |
| 19:16 | Create | Spearman |
| 19:19 | Build | Farm |
| 19:21 | Create | Spearman |
| 19:30 | Create | Battering Ram |
| 19:35 | Build | House |
| 19:36 | Build | House |
| 19:44 | Create | Spearman |
| 19:45 | Create | Spearman |
Build order — FMG | Sawasha Takohida
First 150 of 430 actions detected
| 0:02 | Create | Villager (Male) |
| 0:02 | Create | Villager (Male) |
| 0:02 | Create | Villager (Male) |
| 0:02 | Create | Villager (Male) |
| 0:04 | Build | House |
| 0:06 | Build | House |
| 1:42 | Create | Villager (Male) |
| 1:42 | Create | Villager (Male) |
| 1:50 | Build | Lumber Camp |
| 2:03 | Create | Villager (Male) |
| 2:03 | Create | Villager (Male) |
| 2:24 | Create | Villager (Male) |
| 2:24 | Create | Villager (Male) |
| 2:50 | Create | Villager (Male) |
| 3:16 | Create | Villager (Male) |
| 3:17 | Create | Villager (Male) |
| 3:17 | Create | Villager (Male) |
| 3:49 | Build | House |
| 4:04 | Create | Villager (Male) |
| 4:04 | Create | Villager (Male) |
| 4:23 | Create | Villager (Male) |
| 4:24 | Create | Villager (Male) |
| 4:24 | Create | Villager (Male) |
| 4:35 | Create | Villager (Male) |
| 4:35 | Create | Villager (Male) |
| 5:49 | Create | Villager (Male) |
| 5:57 | Build | Mill |
| 6:02 | Build | House |
| 6:11 | Create | Villager (Male) |
| 6:38 | Create | Villager (Male) |
| 7:14 | Build | Farm |
| 7:23 | Create | Villager (Male) |
| 7:42 | Build | Mining Camp |
| 7:46 | Create | Villager (Male) |
| 7:47 | Research | Loom |
| 7:57 | Build | Farm |
| 8:08 | Research | Feudal Age |
| 9:02 | Build | House |
| 10:26 | Create | Villager (Male) |
| 10:48 | Age | Feudal Age |
| 10:52 | Build | Market |
| 10:55 | Build | Blacksmith |
| 11:02 | Create | Villager (Male) |
| 11:17 | Build | Mining Camp |
| 11:44 | Research | Castle Age |
| 11:44 | Research | Castle Age |
| 12:56 | Research | Double-Bit Axe |
| 12:56 | Research | Double-Bit Axe |
| 13:54 | Create | Villager (Male) |
| 14:23 | Create | Villager (Male) |
| 14:24 | Age | Castle Age |
| 14:40 | Build | Castle |
| 15:07 | Create | Villager (Male) |
| 15:25 | Create | Villager (Male) |
| 15:31 | Build | Farm |
| 15:35 | Build | Farm |
| 15:36 | Build | Farm |
| 15:50 | Build | Siege Workshop |
| 15:55 | Create | Villager (Male) |
| 16:00 | Build | Farm |
| 16:04 | Create | Villager (Male) |
| 16:06 | Create | Gbeto |
| 16:10 | Create | Villager (Male) |
| 16:11 | Create | Villager (Male) |
| 16:30 | Build | Farm |
| 16:41 | Build | Farm |
| 16:46 | Create | Gbeto |
| 16:49 | Create | Gbeto |
| 16:55 | Create | Unit 1105 |
| 16:59 | Build | House |
| 17:12 | Build | Farm |
| 17:14 | Build | Farm |
| 17:16 | Build | Farm |
| 17:19 | Create | Gbeto |
| 17:21 | Create | Villager (Male) |
| 17:39 | Build | House |
| 17:50 | Create | Villager (Male) |
| 17:54 | Create | Villager (Male) |
| 17:55 | Build | Farm |
| 18:14 | Create | Villager (Male) |
| 18:15 | Build | House |
| 18:21 | Create | Gbeto |
| 18:26 | Create | Villager (Male) |
| 18:31 | Build | Farm |
| 18:32 | Build | Farm |
| 18:38 | Create | Gbeto |
| 19:03 | Create | Villager (Male) |
| 19:04 | Create | Gbeto |
| 19:05 | Create | Gbeto |
| 19:17 | Create | Villager (Male) |
| 19:20 | Create | Gbeto |
| 19:30 | Build | Town Center |
| 19:33 | Build | House |
| 19:41 | Create | Gbeto |
| 19:49 | Create | Villager (Male) |
| 19:56 | Create | Gbeto |
| 20:13 | Create | Gbeto |
| 20:18 | Create | Villager (Male) |
| 20:22 | Build | House |
| 20:28 | Create | Gbeto |
| 20:36 | Create | Gbeto |
| 20:48 | Build | Town Center |
| 20:49 | Create | Villager (Male) |
| 21:07 | Create | Villager (Male) |
| 21:24 | Create | Villager (Male) |
| 21:32 | Create | Gbeto |
| 21:32 | Create | Gbeto |
| 21:47 | Create | Villager (Male) |
| 21:54 | Create | Mangonel |
| 22:01 | Create | Villager (Male) |
| 22:08 | Create | Gbeto |
| 22:11 | Create | Villager (Male) |
| 22:11 | Create | Villager (Male) |
| 22:22 | Build | House |
| 22:23 | Build | House |
| 22:26 | Build | House |
| 22:27 | Create | Villager (Male) |
| 22:27 | Create | Villager (Male) |
| 22:36 | Create | Villager (Male) |
| 22:57 | Create | Gbeto |
| 23:00 | Create | Villager (Male) |
| 23:04 | Build | Farm |
| 23:04 | Build | Farm |
| 23:04 | Build | Farm |
| 23:05 | Build | Farm |
| 23:05 | Build | Farm |
| 23:06 | Build | Farm |
| 23:12 | Create | Villager (Male) |
| 23:23 | Create | Villager (Male) |
| 23:27 | Build | Farm |
| 23:27 | Build | Farm |
| 23:27 | Build | Farm |
| 23:27 | Build | Farm |
| 23:27 | Build | Farm |
| 23:28 | Build | Farm |
| 23:48 | Create | Villager (Male) |
| 23:49 | Build | House |
| 23:59 | Create | Villager (Male) |
| 24:02 | Create | Villager (Male) |
| 24:14 | Create | Villager (Male) |
| 24:17 | Build | Farm |
| 24:18 | Build | Farm |
| 24:19 | Build | Farm |
| 24:25 | Create | Villager (Male) |
| 24:27 | Create | Villager (Male) |
| 24:29 | Build | House |
| 24:42 | Build | Farm |
| 24:42 | Build | Farm |
| 24:46 | Create | Villager (Male) |
| 24:46 | Create | Villager (Male) |
Build order — FlyingSaucer_
First 150 of 283 actions detected
| 0:00 | Create | Villager (Male) |
| 0:00 | Create | Villager (Male) |
| 0:02 | Build | House |
| 0:02 | Build | House |
| 0:26 | Create | Villager (Male) |
| 0:26 | Create | Villager (Male) |
| 1:33 | Create | Villager (Male) |
| 1:58 | Create | Villager (Male) |
| 2:22 | Create | Villager (Male) |
| 2:46 | Create | Villager (Male) |
| 2:59 | Build | House |
| 3:16 | Create | Villager (Male) |
| 3:16 | Create | Villager (Male) |
| 3:28 | Build | House |
| 3:41 | Create | Villager (Male) |
| 3:49 | Create | Villager (Male) |
| 3:49 | Create | Villager (Male) |
| 4:30 | Create | Villager (Male) |
| 4:57 | Build | Settlement |
| 5:00 | Create | Villager (Male) |
| 5:00 | Create | Villager (Male) |
| 5:15 | Build | Settlement |
| 5:37 | Build | Settlement |
| 5:44 | Create | Villager (Male) |
| 5:44 | Create | Villager (Male) |
| 6:04 | Create | Villager (Male) |
| 6:05 | Create | Villager (Male) |
| 7:17 | Create | Villager (Male) |
| 7:17 | Create | Villager (Male) |
| 7:35 | Create | Villager (Male) |
| 8:07 | Build | Farm |
| 8:44 | Research | Feudal Age |
| 9:18 | Create | Villager (Male) |
| 9:18 | Create | Villager (Male) |
| 9:22 | Build | Farm |
| 10:01 | Build | House |
| 10:56 | Age | Feudal Age |
| 10:56 | Build | Blacksmith |
| 10:58 | Build | Market |
| 11:25 | Research | Horse Collar |
| 11:46 | Research | Castle Age |
| 11:58 | Build | Farm |
| 12:00 | Build | Farm |
| 12:22 | Build | Farm |
| 12:44 | Build | Farm |
| 13:03 | Research | Double-Bit Axe |
| 13:36 | Create | Villager (Male) |
| 13:38 | Research | Loom |
| 14:26 | Age | Castle Age |
| 14:33 | Build | Town Center |
| 14:36 | Create | Villager (Male) |
| 14:53 | Build | Castle |
| 15:00 | Build | Settlement |
| 15:04 | Build | Settlement |
| 15:09 | Research | Bow Saw |
| 15:09 | Create | Villager (Male) |
| 15:34 | Create | Villager (Male) |
| 15:51 | Build | Settlement |
| 15:58 | Create | Petard |
| 16:07 | Create | Villager (Male) |
| 16:08 | Create | Villager (Male) |
| 16:11 | Build | Farm |
| 16:32 | Create | Unit 2562 |
| 16:41 | Create | Villager (Male) |
| 16:52 | Create | Villager (Male) |
| 17:10 | Create | Petard |
| 17:10 | Create | Petard |
| 17:34 | Build | Farm |
| 17:43 | Build | Monastery |
| 17:52 | Create | Villager (Male) |
| 17:53 | Create | Villager (Male) |
| 18:14 | Create | Villager (Male) |
| 18:19 | Create | Monk |
| 18:20 | Create | Villager (Male) |
| 18:23 | Build | Farm |
| 18:25 | Build | Farm |
| 18:56 | Create | Unit 2562 |
| 19:02 | Create | Villager (Male) |
| 19:05 | Create | Villager (Male) |
| 19:20 | Research | Redemption |
| 19:30 | Build | Barracks |
| 19:39 | Create | Villager (Male) |
| 19:53 | Create | Villager (Male) |
| 20:03 | Build | Siege Workshop |
| 20:11 | Create | Villager (Male) |
| 20:14 | Build | Farm |
| 20:20 | Create | Unit 2586 |
| 20:32 | Build | Farm |
| 20:42 | Research | Sanctity |
| 20:46 | Create | Unit 2586 |
| 20:56 | Build | Outpost |
| 20:57 | Build | Outpost |
| 21:00 | Create | Battering Ram |
| 21:01 | Create | Battering Ram |
| 21:04 | Create | Monk |
| 21:14 | Create | Villager (Male) |
| 21:18 | Create | Unit 2586 |
| 21:25 | Build | Farm |
| 21:29 | Build | Farm |
| 21:33 | Create | Villager (Male) |
| 21:57 | Create | Unit 2586 |
| 21:57 | Create | Unit 2586 |
| 21:58 | Create | Unit 2586 |
| 22:10 | Create | Villager (Male) |
| 22:15 | Create | Battering Ram |
| 22:23 | Create | Villager (Male) |
| 22:26 | Create | Villager (Male) |
| 22:33 | Build | House |
| 22:37 | Build | House |
| 22:44 | Create | Battering Ram |
| 23:01 | Build | Farm |
| 23:11 | Create | Unit 2586 |
| 23:11 | Create | Unit 2586 |
| 23:17 | Build | Farm |
| 23:22 | Create | Villager (Male) |
| 23:26 | Create | Battering Ram |
| 23:45 | Build | Outpost |
| 23:49 | Create | Unit 2586 |
| 24:09 | Create | Villager (Male) |
| 24:10 | Create | Unit 2586 |
| 24:10 | Create | Unit 2586 |
| 24:13 | Create | Battering Ram |
| 24:23 | Create | Unit 2586 |
| 24:30 | Create | Villager (Male) |
| 24:36 | Build | House |
| 24:37 | Build | House |
| 24:41 | Build | Farm |
| 24:45 | Build | Farm |
| 24:46 | Build | Farm |
| 24:47 | Build | Farm |
| 24:54 | Create | Unit 2586 |
| 25:13 | Research | Atonement |
| 25:14 | Create | Villager (Male) |
| 25:15 | Create | Villager (Male) |
| 25:17 | Build | Farm |
| 25:20 | Build | Farm |
| 25:33 | Create | Unit 2586 |
| 25:37 | Build | House |
| 25:39 | Build | House |
| 25:40 | Build | Farm |
| 25:46 | Build | Farm |
| 25:46 | Build | Farm |
| 25:53 | Create | Monk |
| 26:21 | Create | Villager (Male) |
| 26:31 | Create | Villager (Male) |
| 26:43 | Build | Outpost |
| 26:44 | Create | Villager (Male) |
| 26:46 | Create | Unit 2586 |
| 26:47 | Research | Forging |
| 26:55 | Create | Monk |
Build order — FMG | ELCOCHINOTE
First 150 of 340 actions detected
| 0:01 | Create | Villager (Male) |
| 0:03 | Build | House |
| 0:04 | Build | House |
| 0:14 | Create | Villager (Male) |
| 0:15 | Create | Villager (Male) |
| 0:26 | Create | Villager (Male) |
| 0:26 | Create | Villager (Male) |
| 1:25 | Create | Villager (Male) |
| 1:25 | Create | Villager (Male) |
| 1:45 | Build | Lumber Camp |
| 2:01 | Create | Villager (Male) |
| 2:01 | Create | Villager (Male) |
| 2:13 | Create | Villager (Male) |
| 2:14 | Create | Villager (Male) |
| 2:45 | Create | Villager (Male) |
| 2:45 | Create | Villager (Male) |
| 2:55 | Create | Villager (Male) |
| 2:55 | Create | Villager (Male) |
| 3:08 | Build | House |
| 3:09 | Build | House |
| 3:44 | Create | Villager (Male) |
| 3:44 | Create | Villager (Male) |
| 3:45 | Create | Villager (Male) |
| 4:05 | Create | Villager (Male) |
| 4:05 | Create | Villager (Male) |
| 4:42 | Build | Mill |
| 5:00 | Create | Villager (Male) |
| 5:00 | Create | Villager (Male) |
| 5:16 | Create | Villager (Male) |
| 5:17 | Create | Villager (Male) |
| 5:17 | Create | Villager (Male) |
| 5:54 | Build | Farm |
| 6:12 | Create | Villager (Male) |
| 6:38 | Create | Villager (Male) |
| 6:39 | Create | Villager (Male) |
| 7:18 | Build | Mining Camp |
| 7:25 | Create | Villager (Male) |
| 7:54 | Research | Feudal Age |
| 9:28 | Create | Villager (Male) |
| 9:28 | Create | Villager (Male) |
| 10:06 | Age | Feudal Age |
| 10:08 | Build | Market |
| 10:13 | Build | Blacksmith |
| 10:43 | Build | House |
| 10:56 | Research | Castle Age |
| 10:56 | Research | Castle Age |
| 11:07 | Research | Double-Bit Axe |
| 11:07 | Research | Double-Bit Axe |
| 11:14 | Research | Horse Collar |
| 11:15 | Research | Horse Collar |
| 11:18 | Build | Farm |
| 11:48 | Build | Farm |
| 12:32 | Build | Mining Camp |
| 12:54 | Create | Villager (Male) |
| 13:19 | Create | Villager (Male) |
| 13:36 | Age | Castle Age |
| 13:43 | Build | Town Center |
| 14:02 | Build | Town Center |
| 14:25 | Create | Villager (Male) |
| 14:46 | Create | Villager (Male) |
| 14:53 | Build | Farm |
| 14:57 | Build | Farm |
| 15:08 | Build | House |
| 15:12 | Build | House |
| 15:25 | Create | Villager (Male) |
| 15:25 | Create | Villager (Male) |
| 15:39 | Build | Siege Workshop |
| 15:48 | Create | Villager (Male) |
| 15:50 | Create | Villager (Male) |
| 16:04 | Build | House |
| 16:08 | Build | House |
| 16:13 | Build | House |
| 16:16 | Build | House |
| 16:17 | Create | Villager (Male) |
| 16:17 | Create | Villager (Male) |
| 16:17 | Create | Villager (Male) |
| 16:18 | Create | Villager (Male) |
| 16:50 | Create | Mangonel |
| 16:50 | Create | Mangonel |
| 16:58 | Create | Villager (Male) |
| 16:58 | Create | Villager (Male) |
| 17:20 | Create | Villager (Male) |
| 17:27 | Research | Loom |
| 17:28 | Research | Loom |
| 17:34 | Create | Mangonel |
| 17:34 | Create | Mangonel |
| 18:20 | Create | Villager (Male) |
| 18:21 | Create | Villager (Male) |
| 18:25 | Build | Farm |
| 18:26 | Build | Farm |
| 18:37 | Create | Villager (Male) |
| 18:37 | Create | Villager (Male) |
| 18:41 | Build | Farm |
| 18:43 | Build | Farm |
| 18:46 | Build | Farm |
| 18:53 | Create | Villager (Male) |
| 18:53 | Create | Villager (Male) |
| 18:56 | Build | Farm |
| 19:01 | Build | Farm |
| 19:04 | Build | Farm |
| 19:10 | Create | Villager (Male) |
| 19:10 | Create | Villager (Male) |
| 19:14 | Create | Villager (Male) |
| 19:15 | Create | Villager (Male) |
| 19:15 | Create | Villager (Male) |
| 19:20 | Build | Farm |
| 19:24 | Build | Farm |
| 19:26 | Build | Farm |
| 19:31 | Build | Farm |
| 19:33 | Create | Villager (Male) |
| 19:33 | Create | Villager (Male) |
| 19:45 | Create | Villager (Male) |
| 19:45 | Create | Villager (Male) |
| 19:48 | Create | Villager (Male) |
| 19:49 | Create | Villager (Male) |
| 19:49 | Create | Villager (Male) |
| 20:22 | Build | Castle |
| 20:27 | Build | Farm |
| 20:30 | Build | Farm |
| 20:32 | Create | Villager (Male) |
| 20:32 | Create | Villager (Male) |
| 20:32 | Create | Villager (Male) |
| 20:33 | Create | Villager (Male) |
| 20:33 | Create | Villager (Male) |
| 20:39 | Create | Villager (Male) |
| 20:44 | Build | Farm |
| 20:48 | Build | Farm |
| 20:54 | Create | Villager (Male) |
| 20:54 | Create | Villager (Male) |
| 21:08 | Create | Villager (Male) |
| 21:08 | Create | Villager (Male) |
| 21:13 | Build | Farm |
| 21:20 | Create | Villager (Male) |
| 21:27 | Build | House |
| 21:28 | Build | House |
| 21:29 | Build | House |
| 21:38 | Build | Farm |
| 21:38 | Build | Farm |
| 21:38 | Build | Farm |
| 21:39 | Build | Farm |
| 21:39 | Build | Farm |
| 21:47 | Create | Villager (Male) |
| 21:47 | Create | Villager (Male) |
| 21:48 | Create | Villager (Male) |
| 21:48 | Create | Villager (Male) |
| 21:48 | Create | Villager (Male) |
| 22:09 | Build | House |
| 22:10 | Build | House |
| 22:19 | Build | Farm |
| 22:19 | Build | Farm |
Build order — VaultBoy
First 150 of 273 actions detected
| 0:02 | Create | Villager (Male) |
| 0:04 | Build | House |
| 0:06 | Build | House |
| 0:06 | Create | Villager (Male) |
| 0:07 | Create | Villager (Male) |
| 0:07 | Create | Villager (Male) |
| 0:15 | Build | House |
| 1:28 | Create | Villager (Male) |
| 1:28 | Create | Villager (Male) |
| 1:59 | Build | Lumber Camp |
| 2:11 | Create | Villager (Male) |
| 2:22 | Create | Villager (Male) |
| 2:47 | Create | Villager (Male) |
| 3:14 | Create | Villager (Male) |
| 3:51 | Create | Villager (Male) |
| 3:55 | Build | House |
| 3:57 | Build | House |
| 4:01 | Create | Villager (Male) |
| 4:02 | Create | Villager (Male) |
| 4:47 | Build | Mill |
| 5:11 | Create | Villager (Male) |
| 5:12 | Create | Villager (Male) |
| 5:12 | Create | Villager (Male) |
| 5:12 | Create | Villager (Male) |
| 6:34 | Create | Villager (Male) |
| 6:35 | Create | Villager (Male) |
| 6:35 | Create | Villager (Male) |
| 6:36 | Create | Villager (Male) |
| 7:09 | Build | Mining Camp |
| 7:47 | Create | Villager (Male) |
| 8:30 | Research | Feudal Age |
| 9:55 | Build | Farm |
| 10:03 | Build | Farm |
| 10:09 | Build | Farm |
| 10:49 | Age | Feudal Age |
| 11:03 | Create | Villager (Male) |
| 11:04 | Create | Villager (Male) |
| 11:12 | Build | Blacksmith |
| 11:17 | Build | Market |
| 11:17 | Create | Villager (Male) |
| 11:35 | Build | Farm |
| 12:01 | Build | House |
| 12:23 | Build | Mining Camp |
| 12:50 | Research | Castle Age |
| 13:08 | Research | Double-Bit Axe |
| 13:50 | Research | Horse Collar |
| 15:03 | Build | House |
| 15:14 | Build | House |
| 15:23 | Research | Stone Mining |
| 15:24 | Create | Villager (Male) |
| 15:24 | Create | Villager (Male) |
| 15:30 | Age | Castle Age |
| 15:37 | Build | Siege Workshop |
| 15:51 | Build | Stone Wall |
| 15:56 | Build | Gate |
| 16:04 | Create | Villager (Male) |
| 16:15 | Build | House |
| 16:22 | Build | Stone Wall |
| 16:24 | Create | Villager (Male) |
| 16:32 | Research | Bow Saw |
| 16:36 | Create | Scorpion |
| 16:36 | Create | Scorpion |
| 17:22 | Build | Castle |
| 17:29 | Create | Scorpion |
| 17:48 | Build | Stone Wall |
| 17:55 | Build | Farm |
| 17:57 | Build | Farm |
| 17:58 | Create | Villager (Male) |
| 18:16 | Create | Villager (Male) |
| 18:40 | Build | Town Center |
| 18:58 | Create | Scorpion |
| 18:58 | Create | Scorpion |
| 19:14 | Create | Villager (Male) |
| 19:26 | Create | Villager (Male) |
| 19:46 | Create | Scorpion |
| 19:47 | Create | Scorpion |
| 19:57 | Build | Mill |
| 20:00 | Create | Villager (Male) |
| 20:01 | Create | Villager (Male) |
| 20:26 | Create | Villager (Male) |
| 20:26 | Create | Villager (Male) |
| 20:31 | Build | Farm |
| 20:36 | Build | Farm |
| 20:38 | Build | Farm |
| 20:42 | Create | Villager (Male) |
| 20:42 | Create | Villager (Male) |
| 20:51 | Build | Farm |
| 20:57 | Create | Villager (Male) |
| 20:57 | Create | Villager (Male) |
| 20:59 | Build | Farm |
| 21:17 | Research | Loom |
| 21:20 | Build | Farm |
| 21:21 | Create | Villager (Male) |
| 21:34 | Build | Farm |
| 21:35 | Create | Villager (Male) |
| 22:07 | Build | Barracks |
| 22:08 | Create | Villager (Male) |
| 22:08 | Create | Villager (Male) |
| 22:19 | Create | Villager (Male) |
| 22:22 | Build | Farm |
| 22:59 | Build | Mill |
| 23:00 | Create | Villager (Male) |
| 23:01 | Create | Villager (Male) |
| 23:01 | Create | Villager (Male) |
| 23:09 | Build | Stable |
| 23:15 | Create | Villager (Male) |
| 23:15 | Create | Villager (Male) |
| 23:21 | Create | Villager (Male) |
| 23:21 | Create | Villager (Male) |
| 23:43 | Build | Farm |
| 23:43 | Build | Farm |
| 23:43 | Build | Farm |
| 23:43 | Build | Farm |
| 23:46 | Create | Villager (Male) |
| 24:05 | Build | Castle |
| 24:27 | Build | Stable |
| 24:30 | Build | Farm |
| 24:32 | Create | Villager (Male) |
| 24:32 | Create | Villager (Male) |
| 24:45 | Research | Wheelbarrow |
| 24:57 | Research | Scale Barding Armor |
| 25:01 | Build | Farm |
| 25:03 | Create | Villager (Male) |
| 25:04 | Create | Villager (Male) |
| 25:20 | Build | House |
| 25:26 | Build | Farm |
| 25:33 | Build | Mining Camp |
| 25:52 | Research | Szlachta Privileges |
| 25:56 | Build | Mill |
| 26:17 | Research | Bloodlines |
| 26:24 | Build | House |
| 26:34 | Build | Farm |
| 26:34 | Build | Farm |
| 26:34 | Build | Farm |
| 26:35 | Build | Farm |
| 26:37 | Create | Villager (Male) |
| 26:37 | Create | Villager (Male) |
| 26:51 | Research | Chain Barding Armor |
| 26:59 | Build | Mill |
| 27:00 | Create | Villager (Male) |
| 27:06 | Build | House |
| 27:10 | Build | Farm |
| 27:14 | Research | Forging |
| 27:18 | Create | Knight ×2 |
| 27:35 | Build | House |
| 27:36 | Create | Villager (Male) |
| 27:39 | Build | Farm |
| 27:39 | Build | Farm |
| 27:40 | Build | Farm |
| 27:43 | Build | Farm |
Build order — MyNameIsLassen
First 150 of 530 actions detected
| 0:01 | Create | Villager (Male) |
| 0:01 | Create | Villager (Male) |
| 0:03 | Build | House |
| 0:04 | Build | House |
| 0:20 | Create | Villager (Male) |
| 0:20 | Create | Villager (Male) |
| 0:20 | Create | Villager (Male) |
| 0:20 | Create | Villager (Male) |
| 1:28 | Create | Villager (Male) |
| 1:28 | Create | Villager (Male) |
| 1:29 | Create | Villager (Male) |
| 1:57 | Create | Villager (Male) |
| 1:57 | Create | Villager (Male) |
| 2:04 | Build | Lumber Camp |
| 2:07 | Create | Villager (Male) |
| 2:07 | Create | Villager (Male) |
| 2:45 | Create | Villager (Male) |
| 2:56 | Build | House |
| 2:57 | Build | House |
| 3:17 | Create | Villager (Male) |
| 3:17 | Create | Villager (Male) |
| 3:47 | Create | Villager (Male) |
| 3:47 | Create | Villager (Male) |
| 3:47 | Create | Villager (Male) |
| 4:01 | Create | Villager (Male) |
| 4:30 | Create | Villager (Male) |
| 4:30 | Create | Villager (Male) |
| 4:30 | Create | Villager (Male) |
| 5:06 | Create | Villager (Male) |
| 5:06 | Create | Villager (Male) |
| 5:27 | Create | Villager (Male) |
| 5:27 | Create | Villager (Male) |
| 5:57 | Build | Mill |
| 6:10 | Create | Villager (Male) |
| 6:24 | Create | Villager (Male) |
| 7:17 | Create | Villager (Male) |
| 7:24 | Create | Villager (Male) |
| 7:36 | Create | Villager (Male) |
| 7:44 | Build | Mining Camp |
| 8:00 | Research | Feudal Age |
| 8:17 | Build | Farm |
| 8:21 | Build | Farm |
| 8:24 | Build | Farm |
| 8:26 | Create | Villager (Male) |
| 8:32 | Build | House |
| 9:10 | Build | Farm |
| 9:55 | Create | Villager (Male) |
| 9:55 | Create | Villager (Male) |
| 10:25 | Age | Feudal Age |
| 10:27 | Build | Market |
| 10:29 | Build | Blacksmith |
| 11:19 | Research | Castle Age |
| 11:58 | Research | Double-Bit Axe |
| 12:19 | Research | Horse Collar |
| 12:22 | Build | Farm |
| 12:23 | Build | Farm |
| 13:06 | Create | Villager (Male) |
| 13:17 | Build | House |
| 13:27 | Build | Farm |
| 13:45 | Age | Castle Age |
| 13:51 | Research | Bow Saw |
| 13:58 | Build | Town Center |
| 14:01 | Create | Villager (Male) |
| 14:13 | Create | Villager (Male) |
| 14:17 | Build | Town Center |
| 14:33 | Create | Villager (Male) |
| 14:35 | Create | Villager (Male) |
| 14:59 | Create | Villager (Male) |
| 15:07 | Build | Farm |
| 15:10 | Create | Villager (Male) |
| 15:19 | Build | Farm |
| 15:20 | Create | Villager (Male) |
| 15:29 | Build | House |
| 15:34 | Build | Farm |
| 15:38 | Build | Farm |
| 15:39 | Create | Villager (Male) |
| 15:45 | Create | Villager (Male) |
| 15:48 | Build | Farm |
| 15:51 | Create | Villager (Male) |
| 15:54 | Build | Farm |
| 16:10 | Create | Villager (Male) |
| 16:10 | Create | Villager (Male) |
| 16:13 | Build | Farm |
| 16:15 | Build | Farm |
| 16:21 | Create | Villager (Male) |
| 16:21 | Create | Villager (Male) |
| 16:25 | Build | Farm |
| 16:33 | Build | Farm |
| 16:36 | Create | Villager (Male) |
| 16:37 | Create | Villager (Male) |
| 16:42 | Create | Villager (Male) |
| 16:42 | Create | Villager (Male) |
| 16:46 | Build | Farm |
| 16:54 | Create | Villager (Male) |
| 16:55 | Create | Villager (Male) |
| 16:56 | Build | Farm |
| 17:02 | Build | Farm |
| 17:04 | Build | House |
| 17:05 | Build | House |
| 17:10 | Create | Villager (Male) |
| 17:10 | Create | Villager (Male) |
| 17:17 | Build | Farm |
| 17:19 | Build | Farm |
| 17:25 | Build | Farm |
| 17:29 | Create | Villager (Male) |
| 17:29 | Create | Villager (Male) |
| 17:30 | Create | Villager (Male) |
| 17:39 | Create | Villager (Male) |
| 17:39 | Create | Villager (Male) |
| 17:39 | Create | Villager (Male) |
| 17:49 | Build | Farm |
| 17:50 | Build | Farm |
| 17:54 | Build | Farm |
| 18:08 | Create | Villager (Male) |
| 18:09 | Create | Villager (Male) |
| 18:12 | Build | Farm |
| 18:15 | Build | Farm |
| 18:16 | Create | Villager (Male) |
| 18:16 | Create | Villager (Male) |
| 18:17 | Create | Villager (Male) |
| 18:19 | Build | Farm |
| 18:20 | Build | Farm |
| 18:21 | Create | Villager (Male) |
| 18:25 | Build | Farm |
| 18:50 | Build | Barracks |
| 18:51 | Create | Villager (Male) |
| 18:51 | Create | Villager (Male) |
| 18:52 | Create | Villager (Male) |
| 18:56 | Create | Villager (Male) |
| 18:59 | Build | Farm |
| 19:00 | Build | Farm |
| 19:03 | Build | Farm |
| 19:12 | Create | Villager (Male) |
| 19:12 | Create | Villager (Male) |
| 19:18 | Create | Villager (Male) |
| 19:19 | Create | Villager (Male) |
| 19:19 | Create | Villager (Male) |
| 19:38 | Build | Town Center |
| 19:40 | Create | Villager (Male) |
| 19:41 | Build | House |
| 19:42 | Build | House |
| 19:43 | Build | House |
| 19:44 | Build | House |
| 19:48 | Build | House |
| 19:50 | Build | House |
| 19:54 | Create | Villager (Male) |
| 19:54 | Create | Villager (Male) |
| 19:54 | Create | Villager (Male) |
| 19:54 | Create | Villager (Male) |
| 20:00 | Research | Wheelbarrow |
Build order — FMG | Santiago
First 150 of 559 actions detected
| 0:01 | Create | Villager (Male) |
| 0:02 | Build | House |
| 0:03 | Build | House |
| 0:07 | Create | Villager (Male) |
| 0:15 | Create | Villager (Male) |
| 0:15 | Create | Villager (Male) |
| 0:15 | Create | Villager (Male) |
| 1:26 | Create | Villager (Male) |
| 1:45 | Build | Lumber Camp |
| 2:00 | Create | Villager (Male) |
| 2:14 | Create | Villager (Male) |
| 2:44 | Create | Villager (Male) |
| 3:16 | Create | Villager (Male) |
| 3:32 | Create | Villager (Male) |
| 3:36 | Create | Villager (Male) |
| 3:54 | Build | House |
| 4:16 | Create | Villager (Male) |
| 4:27 | Build | House |
| 4:39 | Create | Villager (Male) |
| 4:40 | Create | Villager (Male) |
| 4:40 | Create | Villager (Male) |
| 4:59 | Create | Villager (Male) |
| 5:00 | Create | Villager (Male) |
| 5:24 | Create | Villager (Male) |
| 5:55 | Build | Mill |
| 6:14 | Create | Villager (Male) |
| 6:37 | Create | Villager (Male) |
| 7:27 | Create | Villager (Male) |
| 7:27 | Create | Villager (Male) |
| 7:36 | Build | Farm |
| 7:50 | Create | Villager (Male) |
| 8:02 | Build | Farm |
| 8:05 | Build | Farm |
| 8:12 | Research | Feudal Age |
| 8:39 | Build | Farm |
| 8:43 | Build | Mining Camp |
| 8:55 | Create | Villager (Male) |
| 9:36 | Build | House |
| 10:21 | Build | House |
| 10:56 | Age | Feudal Age |
| 10:58 | Build | Market |
| 11:00 | Build | Blacksmith |
| 11:13 | Create | Villager (Male) |
| 11:15 | Build | Farm |
| 11:17 | Build | Farm |
| 11:19 | Build | Farm |
| 11:28 | Create | Villager (Male) |
| 12:13 | Research | Castle Age |
| 12:13 | Research | Castle Age |
| 13:01 | Research | Double-Bit Axe |
| 13:12 | Research | Horse Collar |
| 14:08 | Create | Villager (Male) |
| 14:53 | Age | Castle Age |
| 14:55 | Build | Town Center |
| 14:56 | Research | Bow Saw |
| 14:58 | Create | Villager (Male) |
| 15:03 | Build | Town Center |
| 15:05 | Create | Villager (Male) |
| 15:20 | Build | Monastery |
| 15:22 | Create | Villager (Male) |
| 15:31 | Build | House |
| 15:54 | Create | Villager (Male) |
| 15:54 | Create | Villager (Male) |
| 16:08 | Create | Monk |
| 16:11 | Build | House |
| 16:15 | Build | Farm |
| 16:16 | Build | Farm |
| 16:18 | Build | Farm |
| 16:19 | Build | Farm |
| 16:20 | Create | Villager (Male) |
| 16:22 | Create | Villager (Male) |
| 16:23 | Create | Villager (Male) |
| 16:42 | Build | Farm |
| 16:43 | Create | Villager (Male) |
| 16:57 | Build | Farm |
| 16:58 | Create | Villager (Male) |
| 16:58 | Create | Villager (Male) |
| 17:00 | Build | Farm |
| 17:04 | Build | Farm |
| 17:05 | Build | Farm |
| 17:20 | Create | Villager (Male) |
| 17:20 | Create | Villager (Male) |
| 17:21 | Create | Monk |
| 17:26 | Build | Farm |
| 17:29 | Build | Farm |
| 17:30 | Create | Villager (Male) |
| 17:31 | Build | Farm |
| 17:32 | Build | Farm |
| 17:33 | Create | Villager (Male) |
| 17:34 | Create | Villager (Male) |
| 17:41 | Create | Villager (Male) |
| 17:44 | Build | Farm |
| 17:47 | Build | Farm |
| 17:48 | Create | Villager (Male) |
| 17:49 | Create | Villager (Male) |
| 18:03 | Build | Farm |
| 18:04 | Create | Villager (Male) |
| 18:04 | Create | Villager (Male) |
| 18:12 | Create | Villager (Male) |
| 18:12 | Create | Villager (Male) |
| 18:15 | Build | Farm |
| 18:16 | Build | Farm |
| 18:19 | Build | Farm |
| 18:23 | Build | Farm |
| 18:24 | Create | Villager (Male) |
| 18:24 | Create | Villager (Male) |
| 18:26 | Build | Farm |
| 18:42 | Create | Villager (Male) |
| 18:43 | Create | Villager (Male) |
| 18:43 | Create | Villager (Male) |
| 18:56 | Build | House |
| 18:59 | Build | House |
| 19:00 | Build | House |
| 19:02 | Create | Villager (Male) |
| 19:08 | Research | Wheelbarrow |
| 19:22 | Build | Town Center |
| 19:24 | Create | Villager (Male) |
| 19:24 | Create | Villager (Male) |
| 19:25 | Create | Villager (Male) |
| 19:32 | Create | Villager (Male) |
| 19:44 | Build | Farm |
| 19:47 | Build | Farm |
| 19:48 | Create | Villager (Male) |
| 19:48 | Create | Villager (Male) |
| 19:49 | Create | Villager (Male) |
| 19:54 | Build | Farm |
| 19:55 | Build | Farm |
| 19:56 | Build | Farm |
| 19:57 | Build | Farm |
| 19:58 | Build | Farm |
| 20:01 | Create | Villager (Male) |
| 20:01 | Create | Villager (Male) |
| 20:01 | Create | Villager (Male) |
| 20:07 | Create | Villager (Male) |
| 20:12 | Build | House |
| 20:13 | Build | House |
| 20:14 | Build | House |
| 20:16 | Create | Villager (Male) |
| 20:16 | Create | Villager (Male) |
| 20:34 | Build | Barracks |
| 20:38 | Create | Villager (Male) |
| 20:38 | Create | Villager (Male) |
| 20:42 | Create | Villager (Male) |
| 20:42 | Create | Villager (Male) |
| 20:49 | Create | Villager (Male) |
| 20:51 | Create | Villager (Male) |
| 20:51 | Create | Villager (Male) |
| 21:06 | Create | Villager (Male) |
| 21:06 | Create | Villager (Male) |
| 21:06 | Create | Villager (Male) |
Match timeline
| 8:26 | hcenemod · age_up feudal |
| 10:04 | FMG | GreatMaty · first_building Barracks |
| 10:06 | FMG | ELCOCHINOTE · age_up feudal |
| 10:25 | MyNameIsLassen · age_up feudal |
| 10:32 | FMG | GreatMaty · age_up feudal |
| 10:48 | FMG | Sawasha Takohida · age_up feudal |
| 10:48 | FMG | GreatMaty · first_building Stable |
| 10:49 | VaultBoy · age_up feudal |
| 10:56 | FlyingSaucer_ · age_up feudal |
| 10:56 | FMG | Santiago · age_up feudal |
| 13:36 | FMG | ELCOCHINOTE · age_up castle |
| 13:45 | MyNameIsLassen · age_up castle |
| 14:24 | FMG | Sawasha Takohida · age_up castle |
| 14:26 | FlyingSaucer_ · age_up castle |
| 14:27 | FMG | GreatMaty · age_up castle |
| 14:40 | FMG | Sawasha Takohida · first_building Castle |
| 14:48 | MyNameIsLassen · first_market_buy 100 stone |
| 14:53 | FMG | Santiago · age_up castle |
| 14:53 | FlyingSaucer_ · first_building Castle |
| 15:15 | FMG | GreatMaty · first_market_buy 100 wood |
| 15:20 | FMG | Santiago · first_building Monastery |
| 15:30 | VaultBoy · age_up castle |
| 15:37 | VaultBoy · first_building Siege Workshop |
| 15:39 | FMG | ELCOCHINOTE · first_building Siege Workshop |
| 15:42 | FMG | GreatMaty · first_building Monastery |
| 15:43 | FMG | Sawasha Takohida · first_market_buy 100 food |
| 15:50 | FMG | Sawasha Takohida · first_building Siege Workshop |
| 15:51 | VaultBoy · wall_segment Stone Wall x13 |
| 16:22 | VaultBoy · wall_segment Stone Wall x1 |
| 16:56 | hcenemod · first_building Barracks |
| 17:09 | hcenemod · first_market_sell 100 wood |
| 17:17 | hcenemod · first_building Siege Workshop |
| 17:22 | VaultBoy · first_building Castle |
| 17:25 | FMG | ELCOCHINOTE · first_market_sell 100 wood |
| 17:43 | FlyingSaucer_ · first_building Monastery |
| 17:48 | VaultBoy · wall_segment Stone Wall x3 |
| 18:45 | FMG | Santiago · first_market_sell 100 wood |
| 18:47 | FMG | Santiago · first_market_buy 100 stone |
| 18:48 | FlyingSaucer_ · first_market_sell 100 stone |
| 18:50 | MyNameIsLassen · first_building Barracks |
| 19:14 | FMG | ELCOCHINOTE · first_market_buy 100 food |
| 19:20 | FMG | GreatMaty · first_market_sell 100 wood |
| 19:30 | FlyingSaucer_ · first_building Barracks |
| 19:56 | hcenemod · age_up castle |
| 20:03 | FlyingSaucer_ · first_building Siege Workshop |
| 20:22 | FMG | ELCOCHINOTE · first_building Castle |
| 20:34 | FMG | Santiago · first_building Barracks |
| 21:28 | FMG | Santiago · first_building Archery Range |
| 21:50 | MyNameIsLassen · first_building Stable |
| 21:52 | FlyingSaucer_ · first_market_buy 100 food |
| 21:58 | MyNameIsLassen · first_building Monastery |
| 22:07 | VaultBoy · first_building Barracks |
| 23:09 | VaultBoy · first_building Stable |
| 26:20 | FMG | ELCOCHINOTE · first_building Barracks |
| 26:26 | FMG | Santiago · wall_segment Stone Wall x7 |
| 26:32 | FMG | Santiago · first_building Siege Workshop |
| 26:36 | FMG | Santiago · wall_segment Stone Wall x6 |
| 26:58 | FMG | Santiago · wall_segment Stone Wall x6 |
| 27:01 | FMG | Santiago · wall_segment Stone Wall x4 |
| 27:16 | FMG | Santiago · wall_segment Stone Wall x4 |
| 27:19 | FMG | Santiago · wall_segment Stone Wall x4 |
| 27:25 | FMG | Santiago · wall_segment Stone Wall x4 |
| 27:30 | FMG | Santiago · wall_segment Stone Wall x3 |
| 27:41 | FMG | Santiago · wall_segment Stone Wall x4 |
| 27:44 | FMG | Santiago · wall_segment Stone Wall x3 |
| 27:48 | FMG | Santiago · wall_segment Stone Wall x2 |
| 27:54 | FMG | Santiago · wall_segment Stone Wall x5 |
| 28:13 | FMG | Santiago · wall_segment Stone Wall x4 |
| 28:21 | MyNameIsLassen · first_building Castle |
| 28:26 | FMG | Santiago · wall_segment Stone Wall x1 |
| 28:31 | FMG | Santiago · wall_segment Stone Wall x1 |
| 28:34 | FMG | Santiago · wall_segment Stone Wall x1 |
| 29:00 | FMG | Santiago · wall_segment Stone Wall x4 |
| 29:08 | FMG | ELCOCHINOTE · age_up imperial |
| 29:09 | FMG | GreatMaty · first_building Siege Workshop |
| 29:18 | FMG | GreatMaty · first_building Castle |
| 29:22 | FMG | Santiago · wall_segment Stone Wall x6 |
| 29:42 | FMG | Santiago · first_building Castle |
| 29:47 | MyNameIsLassen · first_market_sell 100 wood |
| 29:52 | FMG | Sawasha Takohida · first_building Barracks |
| 29:57 | FMG | GreatMaty · age_up imperial |
| 29:59 | FMG | Santiago · wall_segment Stone Wall x3 |
| 30:44 | hcenemod · first_building Stable |
| 30:52 | FMG | Sawasha Takohida · first_building Stable |
| 32:08 | FMG | Sawasha Takohida · age_up imperial |
| 32:16 | FMG | Santiago · age_up imperial |
| 32:33 | MyNameIsLassen · age_up imperial |
| 32:48 | FlyingSaucer_ · wall_segment Stone Wall x1 |
| 32:53 | FlyingSaucer_ · wall_segment Stone Wall x1 |
| 32:54 | FlyingSaucer_ · wall_segment Stone Wall x1 |
| 32:55 | VaultBoy · age_up imperial |
| 33:35 | FMG | Sawasha Takohida · first_market_sell 100 wood |
| 33:41 | hcenemod · first_building Monastery |
| 33:55 | FlyingSaucer_ · age_up imperial |
| 36:00 | FMG | Santiago · wall_segment Stone Wall x20 |
| 36:28 | FMG | Santiago · wall_segment Stone Wall x15 |
| 37:49 | hcenemod · age_up imperial |
| 37:55 | FMG | Santiago · wall_segment Stone Wall x15 |
| 39:20 | FMG | Santiago · wall_segment Stone Wall x8 |
| 39:26 | hcenemod · first_market_buy 100 stone |
| 39:34 | hcenemod · first_building Castle |
| 40:12 | FMG | Santiago · wall_segment Stone Wall x5 |
| 40:38 | FMG | Sawasha Takohida · wall_segment Stone Wall x8 |
| 41:01 | FMG | Sawasha Takohida · wall_segment Stone Wall x5 |
| 41:13 | hcenemod · resign |
| 41:29 | FMG | Santiago · wall_segment Stone Wall x1 |
[ AI ANALYSIS · 1 CREDIT ]
What really happened in this match?
Wolo.gg analyzes every decision: build order, eco, micro, common mistakes by bracket. Personalized analysis on WhatsApp or Discord in 30 seconds.
Civ guide
Slavs
Perfil
Jugador #9082593